 Dungeon Crawl Stone Soup version 0.30-a0-39-g42789b21ef (webtiles) character file.

Game seed: 15813790304242916675

392 drugrobin the Trooper (level 6, -3/58 HPs)
             Began as a Demigod Delver on Aug 28, 2022.
             Slain by an ogre
             ... wielding a +0 giant spiked club
              (18 damage)
             ... on level 4 of the Dungeon.
             The game lasted 00:06:28 (1434 turns).

drugrobin the Trooper (Demigod Delver)              Turns: 1434, Time: 00:06:28

Health: -3/58      AC:  3    Str: 13    XL:     6   Next: 25%
Magic:  8/8        EV: 12    Int: 16    God:
Gold:   24         SH:  0    Dex: 19    Spells: 5/5 levels left

rFire   . . .      SeeInvis .    e - +7 Throatcutter {drain, coup de grace}
rCold   . . .      Faith    .    (no shield)
rNeg    . . .      Spirit   .    b - +0 leather armour
rPois   .          Reflect  .    (no helmet)
rElec   .          Harm     .    (no cloak)
rCorr   .          Rampage  .    (no gloves)
Will    .....                    (no boots)
Stlth   +++.......               (no amulet)
HPRegen 0.19/turn                (no ring)
MPRegen 0.11/turn                (no ring)

@: lethally poisoned (-3 -> -5)
A: high MP 1, forlorn, divine attributes
a: no special abilities


You were on level 4 of the Dungeon.
You visited 1 branch of the dungeon, and saw 2 of its levels.
You also visited: Sewer.

You collected 24 gold pieces.

Inventory:

Hand Weapons
 a - a +0 spectral short sword
 e - the +7 Throatcutter (weapon) {drain, coup de grace}
   (You found it on level 4 of the Dungeon)

   A truly terrible weapon, it drains the life of any living foe it strikes.
   It may instantly kill foes which have little health.
Missiles
 d - a curare-tipped dart
 f - 11 stones (quivered)
 i - 3 poisoned darts
Armour
 b - a +0 leather armour (worn)
Wands
 g - a wand of digging (1)
Scrolls
 c - a scroll of fog
Potions
 j - 3 potions of flight


   Skills:
 + Level 6.4 Fighting
 - Level 1.7 Short Blades
 - Level 1.7 Dodging
 - Level 5.0 Stealth


You had 5 spell levels left.
You didn't know any spells.
Your spell library was empty.

Dungeon Overview and Level Annotations

Branches:
Dungeon (5/15)              Sewer (visited)
 Temple: D:4-7

Annotations:
D:4 Eustachio


Innate Abilities, Weirdness & Mutations

You have an increased reservoir of magic. (+10% MP)
You shall have no god before yourself.
Your divine heritage dramatically boosts your attributes as you level up.


Message History

You slash the kobold!
You kill the kobold!
The kobold hits you with a +0 club. The kobold hits you but does no damage.
You slash the kobold!
You kill the kobold!
You hit the kobold.
The kobold is severely wounded.
The kobold barely misses you.
You slash the kobold!
You kill the kobold!
The kobold seems to regain its courage.
The kobold throws a poisoned dart.
The poisoned dart hits you!
You are poisoned.
Okay, then.
Unknown command.
You feel very sick.
Items here: ( )))) †††.
Unknown command.
Unknown command.
Unknown command.
You slash the kobold!
You kill the kobold!
You feel sick.
Unknown command.
Unknown command.
Unknown command.
Okay, then.
Okay, then.
Okay, then.
You barely miss the ogre.
You feel sick. The ogre barely misses you.
Unknown command.
Unknown command.
Unknown command.
Unknown command.
Unknown command.
You slash the ogre! You drain the ogre.
The ogre is heavily wounded.
You feel sick.
The ogre hits you with a +0 giant spiked club!!
You die...

#####
##..)##
##.)@..##
#...O...#
#!......#
#.÷..÷.÷#
##÷.÷÷÷##
###
##...##
##..
##'##
#... #.#
#... #÷#
#..>


You could see an ogre (drained).

Vanquished Creatures
  3 kobold brigands
  A scorpion (D:4)
  A necrophage (D:4)
  A hound (D:4)
  2 river rats (Sewer)
  A worm (D:4)
  A jackal (Sewer)
  11 kobolds
  2 ball pythons (D:4)
  3 rats (Sewer)
26 creatures vanquished.

Notes
Turn   | Place    | Note
-------+----------+-------------------------------------------
     0 | D:5      | drugrobin the Demigod Delver began the quest for the Orb.
     0 | D:5      | Reached XP level 1. HP: 18/18 MP: 3/3
     9 | D:5      | Noticed an iguana
    66 | D:5      | Noticed a howler monkey
   125 | D:5      | Noticed an ice beast
   161 | D:4      | Noticed an ogre
   161 | D:4      | Noticed a scorpion
   162 | D:4      | Noticed a hound
   167 | D:4      | Noticed a necrophage
   215 | D:4      | Found a glowing drain.
   224 | Sewer    | Entered a sewer
   230 | Sewer    | Reached skill level 5 in Stealth
   235 | Sewer    | Reached XP level 2. HP: 25/25 MP: 4/4
   273 | Sewer    | Reached skill level 3 in Fighting
   435 | Sewer    | Noticed a kobold brigand
   566 | Sewer    | Noticed a kobold brigand
   604 | Sewer    | Killed a kobold brigand
   605 | Sewer    | Reached skill level 4 in Fighting
   605 | Sewer    | Reached XP level 3. HP: 32/34 MP: 5/5
   605 | Sewer    | Reached XP level 4. HP: 39/41 MP: 6/6
   680 | Sewer    | Killed a kobold brigand
   681 | Sewer    | Reached skill level 5 in Fighting
   681 | Sewer    | Reached XP level 5. HP: 13/48 MP: 7/7
  1384 | D:4      | Reached skill level 6 in Fighting
  1384 | D:4      | Reached XP level 6. HP: 49/57 MP: 8/8
  1389 | D:4      | Noticed Eustachio
  1407 | D:4      | Found the +7 Throatcutter {drain, coup de grace}
  1434 | D:4      | Slain by an ogre

Illustrated notes

Levels and vault maps discovered:
D:4:      layout_gridville, nemelex_xobeh_ov_fountains_minmay,
          cheibrodos_sewer_entry_bend, dilly_guarded_unrand_throatcut,
          uniq_blork_the_orc, uniq_eustachio, uniq_robin
D:5:      layout_layer_cave, minmay_misc_feat_pillars, dreamdust_gnoll_farm

Skill      XL: |  1  2  3  4  5 |
---------------+----------------+-----
Stealth        | 5 |  5.0
Fighting       | 4 5 6 |  6.4
Short Blades   | |  1.7
Dodging        | |  1.7

Action                   |  1- 3 |  4- 6 || total
-------------------------+-------+-------++-------
Melee: Short sword       |    31 |    62 ||    93
       Unarmed           |    15 |       ||    15
       Punch             |     1 |     1 ||     2
       Long sword        |       |    12 ||    12
Throw: Dart              |       |     2 ||     2
       Stone             |       |     1 ||     1
Evoke: Wand              |     8 |       ||     8
  Use: Potion            |     2 |     3 ||     5
       Scroll            |     1 |     2 ||     3
 Stab: Paralysed         |    15 |       ||    15
       Sleeping          |       |     1 ||     1
Armor: Leather armour    |     7 |    17 ||    24
Dodge: Dodged            |    12 |    47 ||    59

Table legend: (Time is in decaauts)
 A = Elapsed time spent in this place.
 B = Non-inter-level travel time spent in this place.
 C = Inter-level travel time spent in this place.
 D = Time resting spent in this place.
 E = Time spent auto-exploring this place.
 F = Levels seen in this place.
 G = Mean time per level.
                   A        B        C        D        E       F      G
               +--------+--------+--------+--------+--------+-----+--------+
         Total |   1495 |   1495 |      0 |    625 |    175 |   3 |  498.3 |
       Dungeon |    695 |    695 |      0 |    286 |      0 |   2 |  347.5 |
         Sewer |    799 |    799 |      0 |    339 |    175 |   1 |  799.0 |
               +--------+--------+--------+--------+--------+-----+--------+

Top non-repeatable levels by time:
   Sewer: 799 daAuts
     D:4: 548 daAuts
     D:5: 147 daAuts
